 Dungeon Crawl Stone Soup version 0.31-a0-1091-g283494c966 (webtiles) character file.

Game seed: 5462128103159861838

512 senseless the Shooter (level 6, -5/56 HPs)
             Began as a Minotaur Hunter on Nov 28, 2023.
             Was an Initiate of the Shining One.
             Slain by Pikel
             ... wielding a +2 whip of freezing
              (8 damage)
             ... on level 5 of the Dungeon.
             The game lasted 00:09:38 (4695 turns).

senseless the Shooter (Minotaur Hunter)             Turns: 4695, Time: 00:09:39

Health: -5/56      AC:  5    Str: 16    XL:     6   Next: 99%
Magic:  5/5        EV: 14    Int:  6    God:    the Shining One [......]
Gold:   31         SH:  5    Dex: 18    Spells: 5/5 levels left

rFire   . . .        a - +0 shortbow
rCold   . . .        (shield currently unavailable)
rNeg    . . .        c - +0 leather armour
rPois   .            (helmet restricted)
rElec   .            (no cloak)
rCorr   .            m - +1 pair of gloves {Dex+3}
SInv    .            (no boots)
Will    .....        n - amulet of reflection
Stlth   +            (no ring)
HPRegen 0.29/turn    (no ring)
MPRegen 0.09/turn

%: reflection
@: glowing
A: horns 2, retaliatory headbutt
a: Renounce Religion


You were on level 5 of the Dungeon.
You worshipped the Shining One.
The Shining One was noncommittal.
You visited 2 branches of the dungeon, and saw 6 of its levels.
You also visited: Sewer.

You collected 196 gold pieces.
You spent 165 gold pieces at shops.

Inventory:

Hand Weapons
 a - a +0 shortbow (weapon)
 o - a +1 dagger of holy wrath
 v - a +2 dagger of pain
Missiles
 u - a curare-tipped dart
 w - 12 poisoned darts
Armour
 c - a +0 leather armour (worn)
 m - a +1 pair of gloves of dexterity (worn)
Jewellery
 n - an amulet of reflection (around neck)
Wands
 t - a wand of mindburst (17) (quivered)
Scrolls
 b - a scroll of butterflies
 d - 2 scrolls of revelation
 e - 6 scrolls of identify {unknown}
 f - a scroll of torment {unknown}
 h - 2 scrolls of poison {unknown}
 j - a scroll of acquirement {unknown}
 p - 2 scrolls of fog {unknown}
 r - a scroll of amnesia {unknown}
 s - 2 scrolls of teleportation {unknown}
Potions
 g - 5 potions of lignification {unknown}
 i - a potion of haste {unknown}
 k - 3 potions of degeneration {unknown}
 l - a potion of curing {unknown}
 q - a potion of berserk rage {unknown}
 x - a potion of heal wounds {unknown}
 z - 3 potions of mutation {unknown}
 A - a potion of brilliance {unknown}
 B - a potion of might {unknown}


   Skills:
 + Level 5.0 Fighting
 + Level 5.9 Ranged Weapons
 + Level 4.5 Dodging
 - Level 3.3 Stealth


You had 5 spell levels left.
You didn't know any spells.
Your spell library contained the following spells:

 Spells                   Type           Power      Damage    Failure   Level
 Slow                     Hex            0%         N/A       52%         1
 Scorch                   Fire           0%         2d5       67%         2
 Confusing Touch          Hex            0%         N/A       88%         3
 Ignite Poison            Fire/Tmut/Pois 0%         N/A       88%         3
 Sigil of Binding         Hex            0%         N/A       88%         3
 Vampiric Draining        Necr           0%         2d6       88%         3
 Volatile Blastmotes      Fire/Tloc      0%         2d10      88%         3
 Flame Wave               Conj/Fire      0%         2d4       99%         4
 Plasma Beam              Fire/Air       0%         2x1d10    100%        6


Dungeon Overview and Level Annotations

Branches:
Dungeon (5/15)             Temple (1/1) D:4           Sewer (visited)

Altars:
Cheibriados
Dithmenos
Fedhas
Gozag
Hepliaklqana
Kikubaaqudgha
Nemelex Xobeh
Qazlal
Ru
Sif Muna
Trog
Uskayaw
Vehumet
Xom
Zin
The Shining One

Shops:
D:3 [

Annotations:
D:5 Pikel


Innate Abilities, Weirdness & Mutations

You have a pair of horns on your head.
You reflexively headbutt those who attack you in melee.


Message History

You block Pikel's attack.
You shoot an arrow. The arrow hits Pikel.
Pikel is moderately wounded.
Pikel closely misses you.
You shoot an arrow. The arrow barely misses Pikel.
The arrow hits the lemure but does no damage.
The lemure is moderately wounded.
You block Pikel's attack.
You shoot an arrow.
The arrow hits Pikel but does no damage.
Pikel is moderately wounded.
Pikel completely misses you.
You shoot an arrow. The arrow hits Pikel.
Pikel is moderately wounded.
You block Pikel's attack.
You shoot an arrow. The arrow hits Pikel.
Pikel is heavily wounded.
Pikel completely misses you. You furiously retaliate!
You headbutt Pikel! You shoot an arrow. The arrow hits Pikel.
Pikel is severely wounded.
Pikel says, "You'll rot in Tartarus!"
Pikel hits you with a +2 whip of freezing!
* * * LOW HITPOINT WARNING * * *
Pikel freezes you.
* * * LOW HITPOINT WARNING * * *
Pikel hits you with a +2 whip of freezing.
* * * LOW HITPOINT WARNING * * *
Pikel freezes you.
* * * LOW HITPOINT WARNING * * *
You shoot an arrow. The arrow hits Pikel.
Pikel is severely wounded.
Pikel hits you with a +2 whip of freezing.
* * * LOW HITPOINT WARNING * * *
Pikel freezes you.
* * * LOW HITPOINT WARNING * * *
You shoot an arrow. The arrow closely misses Pikel.
The arrow hits the lemure.
The lemure is heavily wounded.
Pikel hits you with a +2 whip of freezing!
You die...
Pikel says, "Another soul for the market."

#........ #........ .. ###
#.....≈. ≈≈ ... ..# #....≈.
≈≈≈ #.. #.# #...≈####≈≈≈ #..
#.# #...≈#≈≈≈≈#
#..##.###5..≈≈≈⌠_≈+.
##......@K55.≈≈≈.>≈≈.
#.......###...≈≈≈≈≈#
###.......##....###≈≈#
..........#....5..≈≈≈≈.
###...[...#.#..5..≈≈≈..
#......................
#######.#.......#######.##.##
...<....#.......# .. #
....########.#### .##


You could see Pikel and 3 lemures.

Vanquished Creatures
  2 kobold brigands (Sewer)
  A scorpion (D:4)
  A jelly (D:3)
  An iguana (D:4)
  Robin (D:2)
  6 adders
  5 river rats (Sewer)
  2 ufetubi (D:5)
  A worm (D:3)
  3 dart slugs
  4 orcs (D:3)
  3 bats
  6 endoplasms
  3 giant cockroaches
  17 goblins
  8 hobgoblins
  A jackal (Sewer)
  6 kobolds
  3 quokkas
  16 ball pythons
  6 frilled lizards
  4 rats
100 creatures vanquished.

Vanquished Creatures (others)
  A kobold brigand (Sewer)
1 creature vanquished.

Grand Total: 101 creatures vanquished

Notes
Turn   | Place    | Note
-------+----------+-------------------------------------------
     0 | D:1      | senseless the Minotaur Hunter began the quest for the Orb.
     0 | D:1      | Reached XP level 1. HP: 18/18 MP: 0/0
    40 | D:1      | Reached skill level 1 in Stealth
   210 | D:1      | Reached XP level 2. HP: 25/25 MP: 1/1
   694 | D:2      | Noticed Robin
   791 | D:2      | Reached XP level 3. HP: 24/31 MP: 2/2
   803 | D:2      | Killed Robin
  1224 | D:2      | Got the Exposition on Ignition
  1791 | D:3      | Reached XP level 4. HP: 37/38 MP: 3/3
  1808 | D:3      | Found Yhozen's Armour Shoppe.
  1819 | D:3      | Found a shimmering altar of Xom.
  1943 | D:3      | Found a glowing drain.
  1949 | Sewer    | Entered a sewer
  1961 | Sewer    | Noticed a kobold brigand
  1970 | Sewer    | Killed a kobold brigand
  1971 | Sewer    | Reached skill level 5 in Ranged Weapons
  1981 | Sewer    | Noticed a kobold brigand
  1999 | Sewer    | Killed a kobold brigand
  2000 | Sewer    | Reached XP level 5. HP: 10/46 MP: 4/4
  2654 | Sewer    | Reached XP level 6. HP: 7/53 MP: 5/5
  3814 | D:4      | Found a bloodstained altar of Trog.
  4285 | D:4      | Found a staircase to the Ecumenical Temple.
  4294 | Temple   | Entered the Ecumenical Temple
  4314 | Temple   | Became a worshipper of the Shining One
  4370 | D:3      | Bought a +1 pair of gloves of dexterity for 165 gold pieces
  4458 | D:4      | Reached skill level 5 in Fighting
  4614 | D:5      | Entered Level 5 of the Dungeon
  4665 | D:5      | Found a stormy altar of Qazlal.
  4668 | D:5      | Noticed Pikel
  4695 | D:5      | Slain by Pikel

Illustrated notes

Levels and vault maps discovered:
D:1:      sevenhm_arrival_forest_fort_small_3, layout_basic
D:2:      layout_basic, uniq_robin
D:3:      layout_basic, dk_xom_monty_hall, serial_shops, shop,
          portal_sewer_entry_e, minmay_misc_feat_cross,
          kennysheep_cross_bottleneck
D:4:      layout_basic, lemuel_round_altar, minmay_temple_entry_glassed_door
D:5:      wander_guarded_unrand_ratskin, layout_loops_ring,
          nicolae_qazlal_general_emergency, grunt_decor_junction, uniq_grinder,
          uniq_menkaure, uniq_blork_the_orc, uniq_pikel
Temple:   dshaligram_water_room_temple

Skill      XL: |  1  2  3  4  5  6 |
---------------+-------------------+-----
Stealth        | 1 2 3 |  3.3
Fighting       | 3 4 5 |  5.0
Dodging        | 3 4 |  4.5
Ranged Weapons | 5 |  5.9

Action                     |  1- 3 |  4- 6 || total
---------------------------+-------+-------++-------
   Fire: Shortbow          |   114 |   268 ||   382
    Use: Scroll            |     1 |       ||     1
 Armour: Leather armour    |    35 |    55 ||    90
  Dodge: Dodged            |    39 |    58 ||    97
  Block: Other             |     2 |    24 ||    26
         Reflection        |     1 |     2 ||     3

Table legend: (Time is in decaauts)
 A = Elapsed time spent in this place.
 B = Non-inter-level travel time spent in this place.
 C = Inter-level travel time spent in this place.
 D = Time resting spent in this place.
 E = Time spent auto-exploring this place.
 F = Levels seen in this place.
 G = Mean time per level.
                   A        B        C        D        E       F      G
               +--------+--------+--------+--------+--------+-----+--------+
         Total |   4912 |   4674 |    238 |     88 |   3654 |   7 |  701.7 |
       Dungeon |   3711 |   3512 |    199 |     88 |   2816 |   5 |  742.2 |
        Temple |     40 |      1 |     39 |      0 |      0 |   1 |   40.0 |
         Sewer |   1160 |   1160 |      0 |      0 |    837 |   1 | 1160.0 |
               +--------+--------+--------+--------+--------+-----+--------+

Top non-repeatable levels by time:
   Sewer: 1160 daAuts
     D:2: 1026 daAuts
     D:3: 963 daAuts
     D:4: 854 daAuts
     D:1: 783 daAuts
     D:5: 83 daAuts
  Temple: 40 daAuts
